AoeStats
← eyupfc

Arabia

507931540Analyzed
3v3 RM · 12d ago on Sep 20, 2026· 34m 33s· 6 players
Game mode
Random Map
Map size
Normal (6 player)
Population
200
Speed
Normal
Resources
Standard
Victory
Conquest
Starting age
Dark Age
Ending age
Imperial Age
RankedLock teamsTeams togetherTeam positionsShared explorationLock speedFull tech treeHidden civsTurbo modeCheats
Victory
Defeat
🇹🇷 Tupi · Türkiye
1149
+14
🇫🇷 Vietnamese · France
1040
+18
🇷🇴 Wei · Romania
1038
+18
🇹🇷 Hindustanis · Türkiye
1176
-20
🇹🇷 Khitans · Türkiye
1052
-15
🇹🇷 Franks · Türkiye
1048
-15
BİSMARCK
7:01 Loom
12:02 Feudal Age
17:44 Castle Age
16:09 Double-Bit Axe
21:10 Forging
22:44 Husbandry
26:40 Wheelbarrow
26:57 Domestication
espinoza
10:07 Feudal Age
8:56 Loom
12:22 Scale Barding Armor
12:59 Forging
26:16 Castle Age
24:12 Gold Mining
24:52 Double-Bit Axe
25:03 Stone Mining
25:56 Fletching
27:16 Bow Saw
27:51 Gold Shaft Mining
28:38 Wheelbarrow
29:25 Husbandry
31:06 Chain Barding Armor
32:35 Elite Skirmisher
33:48 Bodkin Arrow
33:54 Padded Archer Armor
burako
5:09 Loom
10:54 Feudal Age
11:29 Double-Bit Axe
11:29 Horse Collar
16:16 Castle Age
14:37 Gold Mining
17:25 Bloodlines
18:45 Fletching
22:06 Bloodlines
24:35 Wheelbarrow
25:15 Stone Mining
26:51 Bodkin Arrow
27:16 Town Watch
28:01 Husbandry
29:05 Forging
29:42 Scale Barding Armor
32:03 Padded Archer Armor
32:06 Scale Mail Armor
32:41 Iron Casting
Malouda
7:47 Loom
10:40 Feudal Age
11:14 Double-Bit Axe
11:11 Horse Collar
13:20 Fletching
16:28 Padded Archer Armor
21:16 Wheelbarrow
24:40 Castle Age
24:57 Crossbowman
26:10 Thumb Ring
26:19 Bow Saw
26:14 Heavy Plow
27:11 Bodkin Arrow
28:32 Gold Mining
Ryu
6:46 Loom
10:01 Feudal Age
10:31 Double-Bit Axe
10:29 Horse Collar
12:25 Forging
15:35 Bloodlines
22:00 Castle Age
21:31 Fletching
21:41 Padded Archer Armor
23:26 Bow Saw
23:58 Wheelbarrow
24:02 Bodkin Arrow
25:08 Iron Casting
26:06 Leather Archer Armor
26:29 Gold Mining
32:41 Ballistics
33:07 Scale Barding Armor
34:39 Stone Mining
eyupfc
7:27 Loom
9:50 Feudal Age
10:19 Double-Bit Axe
10:01 Champi Runner
16:20 Fletching
16:28 Arson
22:48 Castle Age
22:06 Gold Mining
22:19 Padded Archer Armor
22:20 Scale Mail Armor
23:03 Forging
23:20 Stone Mining
23:33 Crossbowman
24:09 Bodkin Arrow
25:56 Bow Saw
27:01 Leather Archer Armor
26:29 Horse Collar
29:08 Ballistics
33:09 Wheelbarrow
33:22 Gold Shaft Mining
32:48 Heavy Plow
37:21 Imperial Age
Connection lost

Rejoining the realm…

Still unreachable

The connection could not be restored.

Session expired

The server has moved on; the page needs a fresh start.